 Dungeon Crawl Stone Soup version 0.31-a0-1009-g454b1f1e0a (webtiles) character file.

Game seed: 2535820326118532379

410 Azuregosa the Covert (level 6, -17/45 HPs)
             Began as an Octopode Delver on Nov 14, 2023.
             Was an Initiate of Gozag.
             Demolished by an ogre
             ... wielding a +0 giant club
              (21 damage)
             ... on level 5 of the Dungeon.
             The game lasted 00:17:23 (4830 turns).

Azuregosa the Covert (Octopode Delver)              Turns: 4830, Time: 00:17:23

Health: -17/45     AC:  2    Str: 12    XL:     6   Next: 89%
Magic:  6/6        EV: 13    Int: 12    God:    Gozag
Gold:   800        SH:  0    Dex: 15    Spells: 5/5 levels left

rFire   + . .        o - +0 morningstar
rCold   x . .        (no shield)
rNeg    + . .        h - +1 hat
rPois   .            (no amulet)
rElec   .            x - ring of fire
rCorr   .            y - ring of positive energy
SInv    .            (no ring)
Will    .....        (no ring)
Stlth   +++++        (no ring)
HPRegen 0.27/turn    (no ring)
MPRegen 0.10/turn    (no ring)
                     (no ring)

%: no passive effects
@: no status effects
A: almost no armour, amphibious, 8 rings, camouflage 1, gelatinous body 1,
(nimble swimmer 1), tentacles
a: Renounce Religion, Potion Petition, Call Merchant, Bribe Branch


You were on level 5 of the Dungeon.
You worshipped Gozag.
Gozag was pleased with you.
You visited 2 branches of the dungeon, and saw 6 of its levels.
You also visited: Sewer.

You collected 823 gold pieces.
You paid 23 gold pieces to Gozag.

Inventory:

Hand Weapons
 o - a +0 morningstar (weapon)
 v - a +0 long sword
 C - a +1 war axe of pain
Missiles
 n - 40 stones
 p - 6 silver javelins
Armour
 h - a +1 hat (worn)
Jewellery
 x - a ring of fire (left tentacle)
 y - a ring of positive energy (right tentacle)
 E - a ring of magical power
Wands
 e - a wand of digging (3)
 s - a wand of iceblast (28)
Scrolls
 a - 4 scrolls of fog
 b - 2 scrolls of blinking {unknown}
 c - 2 scrolls of fear
 i - a scroll of immolation {unknown}
 j - a scroll of noise {unknown}
 k - a scroll of enchant weapon {unknown}
 l - 3 scrolls of poison {unknown}
 m - a scroll of torment {unknown}
 q - a scroll of teleportation {unknown}
 w - a scroll of silence {unknown}
 B - 2 scrolls of identify {unknown}
 D - a scroll of amnesia {unknown}
Potions
 d - 2 potions of haste
 f - a potion of brilliance {unknown}
 g - 2 potions of experience {unknown}
 r - a potion of might {unknown}
 t - a potion of heal wounds {unknown}
 u - 2 potions of curing {unknown}
 z - a potion of enlightenment {unknown}
 A - a potion of degeneration {unknown}


   Skills:
 + Level 5.4 Fighting
 - Level 2.0 Dodging
 - Level 10.0 Stealth
 - Level 2.0 Unarmed Combat


You had 5 spell levels left.
You didn't know any spells.
Your spell library contained the following spells:

 Spells                   Type           Power      Damage    Failure   Level
 Magic Dart               Conj           0%         1d3       32%         1
 Call Imp                 Summ           0%         N/A       45%         2
 Wereblood                Tmut           0%         N/A       45%         2
 Mephitic Cloud           Conj/Pois/Air  0%         N/A       69%         3
 Irradiate                Conj/Tmut      0%         3d11      100%        5


Dungeon Overview and Level Annotations

Branches:
Dungeon (5/15)             Temple (1/1) D:4           Sewer (visited)

Altars:
Cheibriados
Elyvilon
Fedhas
Gozag
Hepliaklqana
Makhleb
Okawaru
Qazlal
Ru
Sif Muna
Trog
Vehumet
Xom
Yredelemnul
Zin
The Shining One


Innate Abilities, Weirdness & Mutations

You cannot wear most types of armour.
You are amphibious.
You can wear up to eight rings at the same time.
Your skin changes colour to match your surroundings (Stealth+).
Your rubbery body absorbs attacks. (AC +1, EV +1)
((You are camouflaged when in or above water. (Stealth+)))
You have tentacles for arms and can constrict up to eight enemies at once.


Message History

You squeeze the iguana.
The iguana is moderately wounded.
The iguana bites you.
The iguana bites you but does no damage.
You barely miss the iguana. You grab the iguana.
The iguana is moderately wounded.
You constrict the iguana, but do no damage.
The iguana closely misses you.
You hit the iguana but do no damage. You squeeze the iguana.
The iguana is heavily wounded.
You constrict the iguana. The iguana barely misses you.
The iguana closely misses you.
You hit the iguana but do no damage.
The iguana is severely wounded.
You constrict the iguana.
You kill the iguana!
You now have enough gold to fund merchants seeking to open stores in the dungeon.
You now have 800 gold pieces (gained 8).
HP restored.
You have 800 gold pieces.
There is an open door here.
Found a metallic orange potion.
You see here 17 gold pieces.
You hit the ogre but do no damage. The ogre closely misses you.
You puncture the ogre! You squeeze the ogre, but do no damage.
The ogre is heavily wounded.
The ogre barely misses you.
You hit the ogre. You squeeze the ogre.
The ogre is severely wounded.
The ogre hits you with a +0 giant club!!
You hit the ogre.
The ogre is severely wounded.
The ogre hits you with a +0 giant club!!
Ouch! That really hurt!
* * * LOW HITPOINT WARNING * * *
You barely miss the ogre.
The ogre is severely wounded.
The ogre hits you with a +0 giant club!!
You die...
Your body crumbles into a pile of gold.

#.# #.# #.# #.# #.#
#.## #..#
....5.....####'####
..........##.......#
.......5...#.⌠...⌠.#
.......O...#....@..#
...........'...⌠O..+
...........#.......#
...........#.⌠...⌠.#
.....?.>.<.#.......#
...........####'####
..########.# !. .##
.# ## .# .#


You could see an ogre.

Vanquished Creatures
  A jelly (D:4)
  A hound (D:4)
  An iguana (D:5)
  A sleepcap (D:4)
  An orc wizard (D:4)
  3 gnolls (D:4)
  11 adders
  3 river rats (Sewer)
  3 worms
  3 dart slugs
  8 orcs
  2 endoplasms
  2 giant cockroaches (D:1)
  4 goblins
  8 hobgoblins
  9 jackals
  13 kobolds
  6 quokkas
  10 ball pythons
  5 bats
  4 frilled lizards
  10 rats
109 creatures vanquished.

Notes
Turn   | Place    | Note
-------+----------+-------------------------------------------
     0 | D:5      | Azuregosa the Octopode Delver began the quest for the Orb.
     0 | D:5      | Reached XP level 1. HP: 16/16 MP: 1/1
    10 | D:5      | Noticed an ogre
    59 | D:4      | Found a staircase to the Ecumenical Temple.
    68 | Temple   | Entered the Ecumenical Temple
    84 | Temple   | Became a worshipper of Gozag Ym Sagoz the Greedy
   129 | D:4      | Noticed an iguana
   154 | D:4      | Reached skill level 7 in Stealth
   160 | D:4      | Reached XP level 2. HP: 13/21 MP: 2/2
   228 | D:4      | Found a glowing drain.
   326 | Sewer    | Entered a sewer
   343 | Sewer    | Reached XP level 3. HP: 22/26 MP: 3/3
   398 | Sewer    | Reached skill level 8 in Stealth
   515 | Sewer    | Reached XP level 4. HP: 23/31 MP: 4/4
   734 | Sewer    | Reached skill level 9 in Stealth
  1314 | D:4      | Reached XP level 5. HP: 29/36 MP: 5/5
  1778 | D:1      | Reached skill level 10 in Stealth
  3400 | D:3      | Reached XP level 6. HP: 30/43 MP: 6/6
  4341 | D:4      | Reached skill level 5 in Fighting
  4830 | D:5      | Demolished by an ogre

Illustrated notes

Levels and vault maps discovered:
D:1:      lightli_arrival_lavapool, layout_loops_ring,
          minmay_misc_feat_secret_circle, nrook_mini_backslash,
          minmay_surrounded
D:2:      layout_basic, serial_corexii_hall, corexii_hall_statues_i,
          chequers_hall_statues_wall_a, chequers_hall_statues_y,
          corexii_hall_statues_t, chequers_hall_statues_wall_a,
          corexii_hall_statues_l
D:3:      layout_basic
D:4:      layout_loops_corners, minmay_temple_entry_statues_fountains,
          portal_sewer_entry_e
D:5:      layout_loops_ring, minmay_fountain_box, nicolae_shop_dragon_depot,
          nicolae_shop_gadgets
Temple:   eino_temple_rhombus

Skill      XL: |  1  2  3  4  5  6 |
---------------+-------------------+-----
Stealth        | 7 8 9 10 | 10.0
Fighting       | 5 |  5.4
Dodging        | |  2.0
Unarmed Combat | |  2.0

Action                     |  1- 3 |  4- 6 || total
---------------------------+-------+-------++-------
  Melee: Unarmed           |    53 |    85 ||   138
         Constrict         |    13 |    49 ||    62
         Tentacles         |    12 |    46 ||    58
         Punch             |     1 |     2 ||     3
         Morningstar       |       |   102 ||   102
    Use: Scroll            |     1 |       ||     1
   Stab: Sleeping          |     5 |    39 ||    44
         Distracted        |       |     1 ||     1
 Armour: Skin              |    18 |    77 ||    95
  Dodge: Dodged            |    27 |    84 ||   111

Table legend: (Time is in decaauts)
 A = Elapsed time spent in this place.
 B = Non-inter-level travel time spent in this place.
 C = Inter-level travel time spent in this place.
 D = Time resting spent in this place.
 E = Time spent auto-exploring this place.
 F = Levels seen in this place.
 G = Mean time per level.
                   A        B        C        D        E       F      G
               +--------+--------+--------+--------+--------+-----+--------+
         Total |   4871 |   4802 |     69 |    536 |   2901 |   7 |  695.9 |
       Dungeon |   3913 |   3844 |     69 |    231 |   2564 |   5 |  782.6 |
        Temple |     32 |     32 |      0 |      0 |      0 |   1 |   32.0 |
         Sewer |    925 |    925 |      0 |    305 |    337 |   1 |  925.0 |
               +--------+--------+--------+--------+--------+-----+--------+

Top non-repeatable levels by time:
     D:4: 1162 daAuts
     D:3: 1014 daAuts
   Sewer: 925 daAuts
     D:2: 871 daAuts
     D:1: 752 daAuts
     D:5: 112 daAuts
  Temple: 32 daAuts
